 Dungeon Crawl Stone Soup version 0.23.1 (webtiles) character file.

Game seed: 13043924007030482468

7076 LostNumber the Carver (level 11, -10/86 HPs)
             Began as a Human Fighter on Mar 10, 2019.
             Was a Priest of the Shining One.
             Killed from afar by an orc sorcerer (25 damage)
             ... with a bolt of fire
             ... on level 10 of the Dungeon.
             The game lasted 00:20:29 (10026 turns).

LostNumber the Carver (Human Fighter)              Turns: 10026, Time: 00:20:29

Health: -10/86     AC: 10    Str: 19    XL:     11   Next: 30%
Magic:  15/16      EV:  8    Int:  9    God:    the Shining One [***...]
Gold:   379        SH: 21    Dex: 19    Spells: 10/10 levels left

rFire    . . .     SeeInvis .   F - +2 falchion (flame)
rCold    . . .     Gourm    .   c - +0 shield
rNeg     + . .     Faith    .   b - +0 scale mail
rPois    +         Spirit   .   g - +0 helmet
rElec    .         Reflect  .   o - +0 cloak
rCorr    .         Harm     .   p - +0 pair of gloves
MR       .....                  (no boots)
Stlth    ..........             (no amulet)
HPRegen  0.24/turn              w - ring of poison resistance
MPRegen  0.15/turn              G - +6 ring of dexterity

@: divine shield, hasted, glowing, very quick
A: no striking features
a: Divine Shield, Renounce Religion


You were on level 10 of the Dungeon.
You worshipped the Shining One.
The Shining One was most pleased with you.
You were not hungry.

You visited 2 branches of the dungeon, and saw 11 of its levels.

You collected 489 gold pieces.
You spent 110 gold pieces at shops.

Inventory:

Hand Weapons
 a - a +0 long sword
 B - a +1 great sword
   (You took it off a wight on level 7 of the Dungeon)
 D - the +4 halberd "Diujupto" {chop, rN+ MP+9 SInv, unknown}
   (You found it on level 8 of the Dungeon)

   It inflicts extra damage upon your enemies.
   It protects you from negative energy.
   It affects your magic capacity (+9).
   It lets you see invisible.
 F - a +2 falchion of flaming (weapon)
   (You took it off a big kobold on level 8 of the Dungeon)
 K - a cursed +4 short sword
   (You took it off a wight on level 7 of the Dungeon)
Armour
 b - a +0 scale mail (worn)
 c - a +0 shield (worn)
 g - a +0 helmet (worn)
   (You found it on level 1 of the Dungeon)
 o - a +0 cloak (worn)
   (You found it on level 5 of the Dungeon)
 p - a +0 pair of gloves (worn)
   (You found it on level 2 of the Dungeon)
 A - the +2 robe "Kyroir" {-Cast rElec Regen+ rCorr, unknown}
   (You found it on level 5 of the Dungeon)

   It insulates you from electricity.
   It prevents spellcasting.
   It increases your rate of regeneration.
   It provides partial protection from all sources of acid and corrosion.
Jewellery
 m - an uncursed ring of ice
   (You found it on level 1 of the Dungeon)
 w - a ring of poison resistance (left hand)
   (You took it off a gnoll on level 6 of the Dungeon)
 z - an uncursed ring of see invisible
   (You found it on level 9 of the Dungeon)
 G - a +6 ring of dexterity (right hand)
   (You found it on level 9 of the Dungeon)
 H - an uncursed ring of protection from cold {unknown}
   (You found it on level 9 of the Dungeon)
Wands
 d - a wand of iceblast (10)
   (You found it on level 8 of the Dungeon)
 h - a wand of polymorph (10)
   (You found it on level 6 of the Dungeon)
 v - a wand of digging (5)
   (You found it on level 8 of the Dungeon)
Scrolls
 f - 5 scrolls of amnesia
 j - a scroll of fear
 n - 3 scrolls of enchant weapon {unknown}
 r - 7 scrolls of teleportation {@r4}
 t - 5 scrolls of remove curse {@r2}
 x - 2 scrolls of immolation {!r}
 y - 2 scrolls of enchant armour {unknown}
 E - a scroll of magic mapping
 J - a scroll of fog
Potions
 i - a potion of cancellation
 k - a potion of curing {@q1}
 l - 2 potions of haste {@q3}
 q - 3 potions of mutation {!q}
 s - 2 potions of ambrosia
 u - a potion of flight
 C - 2 potions of heal wounds {@q2}
Comestibles
 e - 17 rations {!d}
 I - 9 chunks of flesh


   Skills:
 + Level 8.3 Fighting
 * Level 10.9 Long Blades
 - Level 3.0 Armour
 + Level 8.3 Shields
 + Level 7.2 Invocations


You had 10 spell levels left.
You didn't know any spells.
Your spell library contained the following spells:

 Spells                   Type           Power        Failure   Level  Hunger
 Animate Skeleton         Necr           N/A          96%         1    ##.....
 Confusing Touch          Hex            #.....       96%         1    ##.....
 Pain                     Necr           #...         96%         1    ##.....
 Confuse                  Hex            #.......     100%        3    ####...
 Gell's Gravitas          Tloc           #.........   100%        3    ####...
 Regeneration             Chrm/Necr      #.........   100%        3    ####...
 Vampiric Draining        Necr           #.........   100%        3    ####...
 Animate Dead             Necr           N/A          100%        4    #####..
 Petrify                  Tmut/Erth      #.......     100%        4    #####..
 Metabolic Englaciation   Hex/Ice        #.........   100%        5    ######.
 Yara's Violent Unravell  Hex/Tmut       #.........   100%        5    ######.


Dungeon Overview and Level Annotations

Branches:
Dungeon (10/15)            Temple (1/1) D:4
   Lair: D:8-11         Orc: D:9-12

Altars:
Cheibriados
Dithmenos
Elyvilon
Fedhas
Hepliaklqana
Kikubaaqudgha
Makhleb
Nemelex Xobeh
Okawaru
Qazlal
Ru
Sif Muna
Trog
Uskayaw
Wu Jian
Xom
Zin
The Shining One

Shops:
D:4 !


Message History

The smoke demon hits you but does no damage.
The orc sorcerer hits you with a +0 dagger. x2
You can move again.
Unknown command.
You are engulfed in a cloud of scalding steam.
You block the smoke demon's attack.
The smoke demon hits you but does no damage.
You block the smoke demon's attack.
The orc sorcerer is engulfed in a cloud of scalding steam.
The orc sorcerer is engulfed in a cloud of scalding steam.
The smoke demon gestures at you. You block the sticky flame.
You hit the wizard. You burn the wizard.
The orc sorcerer casts a spell.
The wizard wildly gestures.
You feel troubled.
The wizard points at you and mumbles some strange words.
You shrug off the repeated paralysis!
The orc sorcerer is engulfed in a cloud of scalding steam.
The orc sorcerer gestures at you while chanting.
The bolt of fire hits you!!
* * * LOW HITPOINT WARNING * * *
As you read the scroll of fear, it crumbles to dust.
You assume a fearsome visage.
The orc sorcerer resists with some effort.
The wizard looks frightened!
The orc sorcerer looks frightened!
The smoke demon is unaffected.
The orange demon is unaffected.
The orange demon screeches!
The smoke demon gestures at you. The ball of steam hits you!
* * * LOW HITPOINT WARNING * * *
Unknown command.
You are engulfed in a cloud of scalding steam.
The wizard mumbles some strange words.
The wizard blinks!
You are engulfed in a cloud of scalding steam.
The wizard howls in fear.
The wizard mumbles some strange words.
The wizard blinks!
You are engulfed in a cloud of scalding steam.
* * * LOW HITPOINT WARNING * * *
The wizard casts a spell.
The wizard blinks!
The orc sorcerer is engulfed in a cloud of scalding steam.
The wizard mumbles some strange words.
The wizard blinks!
The orc sorcerer gestures at you while chanting.
The bolt of fire hits you!!
You die...

#.......#..... #.§§....#
.... #.§4....# ...
#.§.....# .. #o3§....# .
#.§.....# .###+#####
#§......#
#........#######.......#
#........#.....@.......#
#........#.<......p....#
#........#÷÷...........#
.#........#.............#
...........÷............#
≈......÷................#
≈≈≈..≈≈..÷..........§...#
≈≈≈≈≈≈≈≈≈......#########
.≈≈≈≈≈≈≈≈≈.....#


You could see a wizard (fleeing), a smoke demon and an orc sorcerer.

Vanquished Creatures
  A hydra (D:8)
  2 two-headed ogres
  Joseph (D:7)
  A troll (D:9)
  2 dream sheep (D:8)
  A hippogriff (D:8)
  2 yaks (D:8)
  A hungry ghost (D:10)
  Duvessa (D:7)
  An orc warrior (D:9)
  A sky beast (D:8)
  2 ice beasts (D:9)
  3 phantoms
  5 ogres
  3 centaurs
  3 big kobolds (D:8)
  2 bullfrogs
  Dowan (D:7)
  11 killer bees
  3 wights (D:7)
  An electric eel (D:10)
  2 crimson imps
  2 howler monkeys (D:7)
  6 hounds
  2 jellies
  A bullfrog skeleton (D:4)
  2 centaur skeletons (D:7)
  2 gnoll shamans (D:6)
  6 orc priests
  4 worker ants
  3 orc wizards
  A hound zombie (D:7)
  A hound skeleton (D:7)
  A howler monkey zombie (D:5)
  A howler monkey skeleton (D:7)
  8 adders
  8 gnolls
  A worm (D:3)
  4 dart slugs
  7 leopard geckos
  29 orcs
  2 giant cockroaches
  3 goblins
  11 hobgoblins
  7 jackals (D:1)
  7 quokkas
  3 bats
  7 frilled lizards
  6 kobolds
  A quokka skeleton (D:6)
  A quokka zombie (D:8)
  7 rats
194 creatures vanquished.

Notes
Turn   | Place    | Note
-------+----------+-------------------------------------------
     0 | D:1      | LostNumber the Human Fighter began the quest for the Orb.
     0 | D:1      | Reached XP level 1. HP: 18/18 MP: 1/1
    34 | D:1      | Reached XP level 2. HP: 11/24 MP: 2/2
   397 | D:1      | Reached XP level 3. HP: 20/29 MP: 3/3
   871 | D:2      | Reached skill level 3 in Long Blades
   985 | D:2      | Reached XP level 4. HP: 31/35 MP: 4/4
  1154 | D:2      | Found a faded altar of an unknown god.
  1769 | D:3      | Reached XP level 5. HP: 41/41 MP: 5/5
  1809 | D:3      | Found a blossoming altar of Fedhas.
  1958 | D:4      | Noticed an ogre
  1971 | D:3      | Killed an ogre
  1971 | D:3      | Reached skill level 4 in Long Blades
  2195 | D:4      | Reached XP level 6. HP: 48/48 MP: 6/6
  2303 | D:4      | Found Xohekunn's Distillery.
  2306 | D:4      | Bought a potion of haste for 110 gold pieces
  2649 | D:4      | Found a staircase to the Ecumenical Temple.
  2663 | Temple   | Entered the Ecumenical Temple
  2716 | Temple   | Became a worshipper of the Shining One
  2853 | D:5      | Entered Level 5 of the Dungeon
  2975 | D:5      | Reached skill level 5 in Long Blades
  2975 | D:5      | Reached XP level 7. HP: 52/55 MP: 7/7
  2989 | D:5      | You fall through a shaft!
  3386 | D:6      | Found a deep blue altar of Sif Muna.
  4184 | D:5      | Got a warped robe
  4970 | D:7      | Noticed Duvessa
  4984 | D:7      | Killed Duvessa
  4984 | D:7      | Reached skill level 5 in Shields
  4984 | D:7      | Reached skill level 1 in Invocations
  4985 | D:7      | Noticed Dowan
  4986 | D:7      | Reached XP level 8. HP: 55/61 MP: 7/9
  5024 | D:7      | Killed Dowan
  5024 | D:7      | Reached skill level 5 in Fighting
  5024 | D:7      | Reached skill level 6 in Long Blades
  5761 | D:7      | Reached * piety under the Shining One
  5822 | D:7      | Noticed Joseph
  5831 | D:7      | Reached skill level 7 in Long Blades
  5854 | D:7      | Killed Joseph
  5854 | D:7      | Reached XP level 9. HP: 26/69 MP: 11/11
  6580 | D:6      | Reached skill level 8 in Long Blades
  6679 | D:7      | Reached ** piety under the Shining One
  6980 | D:7      | Found a snail-covered altar of Cheibriados.
  7474 | D:8      | Reached skill level 5 in Invocations
  7478 | D:8      | Reached XP level 10. HP: 35/77 MP: 13/13
  7790 | D:8      | Reached skill level 9 in Long Blades
  7804 | D:8      | Noticed a two-headed ogre
  8475 | D:8      | Noticed a three-headed hydra
  8481 | D:8      | Killed a one-headed hydra
  8481 | D:8      | Reached skill level 10 in Long Blades
  8494 | D:8      | Got a polished halberd
  8531 | D:8      | Killed a two-headed ogre
  8942 | D:9      | Reached XP level 11. HP: 86/86 MP: 15/15
  9041 | D:9      | Noticed a two-headed ogre
  9041 | D:9      | Reached *** piety under the Shining One
  9056 | D:9      | Killed a two-headed ogre
  9229 | D:9      | Found a burning altar of Makhleb.
  9234 | D:9      | Found a sacrificial altar of Ru.
  9640 | D:10     | Entered Level 10 of the Dungeon
  9999 | D:10     | Noticed a wizard
  9999 | D:10     | Noticed an orc sorcerer
 10002 | D:10     | Noticed a wizard
 10003 | D:10     | Noticed an orc sorcerer
 10013 | D:10     | Paralysed by a wizard for 4 turns
 10026 | D:10     | Killed from afar by an orc sorcerer

Skill      XL: |  1  2  3  4  5  6  7  8  9 10 11 |
---------------+----------------------------------+-----
Long Blades    | 3 4 5 7 8 10 | 10.9
Fighting       | 4 5 6 7 8 |  8.3
Shields        | 4 5 6 7 8 |  8.3
Invocations    | 1 3 5 6 7 |  7.2
Armour         | |  3.0

Action                   |  1- 3 |  4- 6 |  7- 9 | 10-12 || total
-------------------------+-------+-------+-------+-------++-------
Melee: Long sword        |    89 |   179 |   400 |    65 ||   733
       Falchion          |       |       |       |   176 ||   176
Invok: Divine Shield     |       |       |       |     3 ||     3
  Use: Scroll            |       |       |    11 |     5 ||    16
       Potion            |       |       |     5 |     1 ||     6
  Eat: Chunk             |       |     6 |     9 |    10 ||    25
       Ration            |       |       |     2 |       ||     2
Armor: Scale mail        |    49 |    74 |   170 |    66 ||   359
Dodge: Dodged            |    35 |    58 |   140 |    63 ||   296
Block: Shield            |    53 |    84 |   251 |   115 ||   503
       Rpst.: Long sword |    13 |    17 |    37 |     9 ||    76
       Falchion          |       |       |       |    10 ||    10
